 Dungeon Crawl Stone Soup version 0.25-a0-353-ged6d54792d (webtiles) character file.

Game seed: 8323590862264366954, levelgen mode: classic

271771 Borgoz the Bludgeoner (level 20, -1/134 HPs)
             Began as a Gargoyle Gladiator on Jan 2, 2020.
             Was the Champion of Makhleb.
             Slain by a stone giant (19 damage)
             ... on level 3 of the Vaults.
             The game lasted 01:38:05 (35515 turns).

Borgoz the Bludgeoner (Gargoyle Gladiator)         Turns: 35515, Time: 01:38:05

Health: -1/134     AC: 23    Str: 21    XL:     20   Next: 24%
Magic:  27/27      EV: 16    Int: 10    God:    Makhleb [******]
Gold:   1216       SH:  7    Dex: 20    Spells: 19/19 levels left

rFire    + . .     SeeInvis +   a - +9 demon whip of Joideshy {flame, +Rage rPois rC+++ Str-3}
rCold    + + +     Gourm    .   k - +0 buckler {rC+}
rNeg     + . .     Faith    .   A - +1 plate armour of Instinct {rF+ rC+ MR+ Dex+4}
rPois    ∞         Spirit   .   c - +0 helmet
rElec    +         Reflect  .   m - scarf {repulsion}
rCorr    .         Harm     .   q - +0 pair of gloves {archery}
MR       ++...                  n - +0 pair of boots
Stlth    ..........             z - amulet of regeneration
HPRegen  0.72/turn              K - +3 ring of dexterity
MPRegen  0.20/turn              T - ring of see invisible

@: marked, corroded, berserk cooldown, flying, fainting, slowed, repel missiles,
very slow
A: big wings, negative energy resistance 1, electricity resistance, unbreathing,
petrification resistance, rot immunity, AC +15
}: 2/15 runes: barnacled, gossamer
a: Stop Flying, Minor Destruction, Lesser Servant of Makhleb, Major Destruction,
Greater Servant of Makhleb, Renounce Religion, Evoke Berserk Rage


You were on level 3 of the Vaults.
You worshipped Makhleb.
Makhleb was exalted by your worship.
You were fainting.

You visited 7 branches of the dungeon, and saw 35 of its levels.
You also visited: Sewer, Ossuary and Ice Cave.

You collected 3657 gold pieces.
You spent 2441 gold pieces at shops.

Inventory:

Hand Weapons
 a - the +9 demon whip of Joideshy (weapon) {flame, +Rage rPois rC+++ Str-3}
   (You found it in an ice cave)

   It has been specially enchanted to burn those struck by it, causing extra
   injury to most foes and up to half again as much damage against particularly
   susceptible opponents.
   It affects your strength (-3).
   It renders you almost immune to cold.
   It protects you from poison.
   It lets you go berserk.
 b - a +0 great mace of holy wrath
 F - the +4 dire flail of Gallantry {elec, rPois rC+ Stlth+}
   (You found it on level 2 of the Vaults)

   Occasionally, upon striking a foe, it will discharge some electrical energy
   and cause terrible harm.
   It protects you from cold.
   It protects you from poison.
   It makes you more stealthy.
Missiles
 d - 6 throwing nets (quivered)
Armour
 c - a +0 helmet (worn)
 k - a +0 buckler of cold resistance (worn)
 m - a scarf of repulsion (worn)
 n - a +0 pair of boots (worn)
 q - a +0 pair of gloves of archery (worn)
 A - the +1 plate armour of Instinct (worn) {rF+ rC+ MR+ Dex+4}
   (You bought it in a shop on level 5 of the Dungeon)

   It affects your dexterity (+4).
   It protects you from fire.
   It protects you from cold.
   It affects your resistance to hostile enchantments.
 D - the +3 shield of the Kettle-Drum {Stlth+}
   (You took it off Asterion on level 1 of the Vaults)

   It makes you more stealthy.
Jewellery
 h - an uncursed ring of protection from fire
 x - the ring of Erabliak {Ice rPois Int+2 Dex+4}
   (You found it on level 1 of the Lair of Beasts)

   [ring of ice]

   It enhances your ice magic.
   It affects your intelligence (+2).
   It affects your dexterity (+4).
   It makes you vulnerable to fire.
   It protects you from cold.
   It protects you from poison.
 z - an amulet of regeneration (around neck)
 K - a +3 ring of dexterity (left hand)
 T - a ring of see invisible (right hand)
Wands
 o - a wand of iceblast (38)
 r - a wand of paralysis (10)
 v - a wand of acid (6)
 y - a wand of disintegration (9)
 N - a wand of clouds (16)
Scrolls
 i - 17 scrolls of remove curse
 l - 6 scrolls of identify
 p - 16 scrolls of teleportation
 w - 2 scrolls of holy word
 B - 6 scrolls of blinking
 H - 2 scrolls of summoning
 L - a scroll of silence
 R - 2 scrolls of fear
 U - 9 scrolls of fog
Potions
 e - 9 potions of curing
 g - 3 potions of berserk rage
 j - a potion of invisibility
 t - 4 potions of might
 u - 4 potions of heal wounds
 C - a potion of haste
 E - 3 potions of agility
 G - 2 potions of cancellation
 M - 2 potions of ambrosia
 V - 2 potions of resistance
Comestibles
 f - 58 rations
 s - 2 chunks of flesh


   Skills:
 * Level 17.1 Fighting
 * Level 17.2 Maces & Flails
 - Level 1.7 Throwing
 * Level 17.0 Armour
 * Level 13.9 Dodging
 + Level 10.8 Shields
 + Level 4.5 Invocations
 - Level 10.0 Evocations


You had 19 spell levels left.
You didn't know any spells.
Your spell library contained the following spells:

 Spells                   Type           Power        Failure   Level  Hunger
 Animate Skeleton         Necr           N/A          97%         1    ##.....
 Apportation              Tloc           #.....       97%         1    ##.....
 Confusing Touch          Hex            #.....       97%         1    ##.....
 Corona                   Hex            #......      97%         1    ##.....
 Foxfire                  Conj/Fire      #...         97%         1    ##.....
 Freeze                   Ice            #...         97%         1    ##.....
 Magic Dart               Conj           #...         97%         1    ##.....
 Shock                    Conj/Air       #...         97%         1    ##.....
 Summon Small Mammal      Summ           #...         97%         1    ##.....
 Corpse Rot               Necr/Air       N/A          99%         2    ###....
 Ensorcelled Hibernation  Hex/Ice        #.....       99%         2    ###....
 Poisonous Vapours        Pois/Air       #.....       99%         2    ###....
 Slow                     Hex            #.......     99%         2    ###....
 Confuse                  Hex            #.......     100%        3    ####...
 Conjure Flame            Conj/Fire      #.......     100%        3    ####...
 Dazzling Flash           Conj/Hex       #.....       100%        3    ####...
 Gell's Gravitas          Tloc           #.........   100%        3    ####...
 Inner Flame              Hex/Fire       #.......     100%        3    ####...
 Mephitic Cloud           Conj/Pois/Air  #.......     100%        3    ####...
 Ozocubu's Armour         Chrm/Ice       #.......     100%        3    ####...
 Portal Projectile        Hex/Tloc       #.....       100%        3    ####...
 Stone Arrow              Conj/Erth      #.....       100%        3    ####...
 Tukima's Dance           Hex            #.......     100%        3    ####...
 Cause Fear               Hex            #.........   100%        4    #####..
 Hailstorm                Conj/Ice       #.......     100%        4    #####..
 Leda's Liquefaction      Hex/Erth       #.........   100%        4    #####..
 Petrify                  Tmut/Erth      #.......     100%        4    #####..
 Sticky Flame             Conj/Fire      #.......     100%        4    #####..
 Summon Ice Beast         Ice/Summ       #.......     100%        4    #####..
 Fireball                 Conj/Fire      #.........   100%        5    ######.
 Lightning Bolt           Conj/Air       #.........   100%        5    ######.
 Metabolic Englaciation   Hex/Ice        #.........   100%        5    ######.
 Summon Forest            Summ/Tloc      #.........   100%        5    ######.
 Yara's Violent Unravell  Hex/Tmut       #.........   100%        5    ######.
 Eringya's Noxious Bog    Tmut/Pois      #.........   100%        6    #######
 Freezing Cloud           Conj/Ice/Air   #.........   100%        6    #######
 Hydra Form               Tmut           #.........   100%        6    #######
 Ring of Flames           Chrm/Fire      #.........   100%        7    #######
 Summon Hydra             Summ           #.........   100%        7    #######


Dungeon Overview and Level Annotations

Branches:
Dungeon (15/15)            Temple (1/1) D:4            Lair (6/6) D:10
 Shoals (4/4) Lair:2       Spider (4/4) Lair:4        Slime (0/5) Lair:5
    Orc (2/2) D:9             Elf (0/3) Orc:2        Vaults (3/5) D:14
  Crypt (0/3) Vaults:2     Depths (0/5) D:15          Sewer (visited)
Ossuary (visited)           IceCv (visited)

Altars:
Ashenzari
Cheibriados
Dithmenos
Elyvilon
Fedhas
Gozag
Hepliaklqana
Kikubaaqudgha
Makhleb
Nemelex Xobeh
Okawaru
Qazlal
Ru
Sif Muna
Trog
Uskayaw
Vehumet
Wu Jian
Xom
Yredelemnul
Zin
The Shining One
Beogh
Jiyva

Shops:
D:5 [%*%   D:7 *   D:8 [   D:14 [   Orc:2 ?*=:   Shoals:1 }

Portals:
Trove: Vaults:2 (give +4 shadow dragon scales)


Innate Abilities, Weirdness & Mutations

You are resistant to torment.
Your stone body is resilient. (AC +15)
You are immune to poison.
Your large and strong wings let you fly indefinitely.
You resist negative energy. (rN+)
You are resistant to electric shocks. (rElec)
You can survive without breathing.
You are immune to petrification.
You are immune to rotting.


Message History

The redback bites you but does no damage.
The deep elf archer shoots an arrow.
The arrow is repelled.
The arrow hits the two-headed ogre!
The ogre closely misses you. x2
The ogre mage mumbles some strange words.
The ogre mage blinks!
The redback closely misses you.
As you read the scroll of fear, it crumbles to dust.
You assume a fearsome visage.
The stone giant resists with almost no effort.
The ogre mage resists with almost no effort.
The two-headed ogre looks frightened!
The ogre looks frightened! x2
The two-headed ogre looks frightened!
The deep elf archer looks frightened!
The redback looks frightened! x2; You block the stone giant's attack.
The deep elf archer blinks!
The stone giant closely misses you. The ogre mage barely misses you.
The deep elf archer blinks!
The ogre mage gestures wildly while chanting.
The ogre mage blinks!
Things that are here:
a +0 long sword; an elf corpse The stone giant hits you!!
You die...

,,,,,,,,,,,.............,,,,,,,,,
,,,,,,,,,,,............,,,,,,,,,,
,,,,,,,,,,,,,.......OO,,,,,,,,,,,
,,,,,,,,,,,,,,...(....,,,,,,,,,,,
***************#(...#************
#.().# ###*#######..).#
#..,......#†)()#######*****
#.#,,,,,#.'@C..#......,,,,*
######.##,,,##.#....)......,,,,*
.....#..##,##..#O..(#......,,,,*
.....'...###s..#....#.?....,,,,*
.....'....#....'....#......,,,,*
.....#...###...#....#...§..,,,,*
.....#..##.##).#...s#######+*+**
..<..#.##...##.#....#*,,,,,,,,*
.....#.#.....#.#....#*,,,,,,,,*


You could see a stone giant, an ogre mage, 2 redbacks and 2 ogres.

Vanquished Creatures
  Mara (Shoals:4)
  Nikola (Vaults:2)
  Arachne (Spider:4)
  Rupert (D:13)
  Asterion (Vaults:1)
  2 sphinxes
  4 emperor scorpions
  Ilsuiw (Shoals:3)
  3 vault wardens
  A frost giant (Vaults:1)
  6 ghost moths (Spider:4)
  4 ironheart preservers
  2 stone giants (Vaults:2)
  2 vampire knights (Vaults:2)
  3 entropy weavers
  A minotaur (Shoals:3)
  A blizzard demon (IceCv)
  2 spark wasps (Spider:4)
  Snorg (D:11)
  8 merfolk javelineers
  A deep elf death mage (Vaults:2)
  Josephine (D:13)
  2 merfolk impalers
  3 fire dragons
  5 yaktaur captains
  3 great orbs of eyes
  The ghost of Borgoz the Cruncher, a journeyman GrGl of Okawaru (Lair:1)
  3 hydras
  4 vault guards (D:14)
  4 ice dragons
  7 merfolk aquamancers
  4 merfolk avatars
  2 satyrs
  A death knight (Vaults:2)
  3 alligator snapping turtles (Shoals:4)
  13 two-headed ogres
  3 death yaks
  8 centaur warriors
  4 ogre magi
  Erica (D:8)
  4 tengu warriors
  The ghost of KrasnyyBoyets the Ruffian, a novice TrFi of Okawaru (D:7)
  A deep elf knight (Vaults:3)
  Urug (Lair:1)
  A shadow wraith (Vaults:2)
  14 sea snakes
  A flayed ghost (D:14)
  7 unseen horrors
  A swamp dragon (Lair:6)
  A deep elf archer (Vaults:1)
  9 ironbrand convokers
  2 phantasmal warriors (Vaults:2)
  Pikel (D:5)
  32 harpies
  15 orc knights
  13 orb spiders
  2 necromancers (Vaults:2)
  49 wolf spiders
  6 deep elf magi
  5 ugly things
  5 fauns
  2 oklob plants
  7 cyclopes
  4 moths of wrath
  2 water nymphs (Shoals:4)
  8 manticores
  9 vault sentinels
  2 elephants (Shoals:3)
  A black mamba (Lair:5)
  12 merfolk sirens
  3 ice statues
  2 gargoyles
  11 spiny frogs
  4 torpor snails
  A kobold demonologist (D:11)
  4 rime drakes
  22 yaktaurs
  11 demonic crawlers
  6 komodo dragons
  13 ice devils (IceCv)
  An efreet (D:13)
  8 trolls
  2 freezing wraiths
  A tengu conjurer (D:13)
  3 meliai (Shoals:3)
  A queen bee (shapeshifter) (D:14)
  26 merfolk
  3 wind drakes
  Grinder (D:6)
  A polar bear (shapeshifter) (Vaults:1)
  Prince Ribbit (D:5)
  A tengu simulacrum (Vaults:2)
  The ghost of MewIchigo the Shield-Bearer, an amateur HuFi (D:5)
  18 jumping spiders
  9 blink frogs
  10 snapping turtles
  6 hornets
  2 polar bears
  18 hippogriffs
  16 slime creatures
  A stone giant simulacrum (Vaults:1)
  4 dream sheep (Shoals:4)
  A spriggan (shapeshifter) (Vaults:1)
  2 shadows
  83 redbacks
  47 yaks
  7 basilisks
  5 water elementals
  37 tarantellas
  4 wyverns
  4 hungry ghosts
  4 wraiths
  12 vampire mosquitoes
  4 acid dragons
  8 wargs
  2 soldier ants
  11 water moccasins
  7 porcupines
  Duvessa (D:6)
  2 swamp drakes (Lair:6)
  38 orc warriors
  3 ice beasts
  Purgy (Sewer)
  4 slaves
  A hornet zombie (D:15)
  An eye of draining (D:13)
  2 sky beasts
  22 ogres
  2 phantoms
  9 boggarts
  7 wolves
  29 centaurs
  8 crocodiles
  2 big kobolds
  15 bullfrogs
  Dowan (D:6)
  2 gnoll sergeants (D:7)
  2 wyvern skeletons
  4 scorpions
  A water moccasin skeleton (D:7)
  12 jellies
  8 killer bees
  9 wights
  2 electric eels
  4 howler monkeys
  6 crimson imps
  3 centaur zombies
  20 orc wizards
  7 hounds
  13 orc priests
  Crazy Yiuf (D:5)
  6 centaur skeletons
  3 bullfrog skeletons
  4 iguanas
  12 worker ants
  8 mummies (Ossuary)
  A worker ant zombie (D:9)
  12 gnolls (D:6)
  A howler monkey zombie (D:7)
  10 adders
  6 shadow imps
  4 white imps (IceCv)
  2 ufetubi (IceCv)
  13 oozes
  2 adder skeletons
  An adder zombie (D:5)
  2 worms
  A dart slug (D:3)
  3 leopard geckos
  86 orcs
  14 bats
  9 giant cockroaches
  5 hobgoblins
  3 jackals (D:3)
  2 quokkas
  A ball python (D:3)
  3 frilled lizards
  A giant cockroach zombie (D:6)
  3 gnoll zombies (Ossuary)
  6 goblins
  A hobgoblin zombie (Ossuary)
  A jackal skeleton (D:3)
  13 kobolds
  2 kobold zombies (Ossuary)
  A leopard gecko zombie (D:6)
  2 orc zombies (Ossuary)
  9 rats
  A fungus (Lair:1)
  2 plants
1284 creatures vanquished.

Vanquished Creatures (others)
  An entropy weaver (Vaults:3)
  A deep elf knight (Vaults:2)
  An orc knight (Vaults:2)
  A cyclops (shapeshifter) (Vaults:2)
  Maurice (D:13)
  2 vault sentinels (Vaults:2)
  An iguana (D:13)
  5 white imps (IceCv)
  7 ufetubi (IceCv)
  A bush (Lair:1)
  5 fungi
  4 plants
30 creatures vanquished.

Grand Total: 1314 creatures vanquished

Notes
Turn   | Place    | Note
-------+----------+-------------------------------------------
     0 | D:1      | Borgoz the Gargoyle Gladiator began the quest for the Orb.
     0 | D:1      | Reached XP level 1. HP: 12/12 MP: 1/1
   116 | D:1      | Reached XP level 2. HP: 18/18 MP: 2/2
   961 | D:2      | Reached skill level 1 in Armour
  1033 | D:2      | Reached XP level 3. HP: 22/22 MP: 3/3
  1054 | D:2      | Found an opulent altar of Gozag.
  1337 | D:2      | You fall into a shaft and drop 2 floors!
  1351 | D:4      | Reached XP level 4. HP: 14/27 MP: 4/4
  1411 | D:4      | Found a glowing drain.
  1438 | D:4      | Reached XP level 5. HP: 21/32 MP: 5/5
  1504 | Sewer    | Entered a sewer
  1550 | Sewer    | Noticed Purgy
  1571 | Sewer    | Killed Purgy
  1571 | Sewer    | Reached skill level 1 in Evocations
  1571 | Sewer    | Reached XP level 6. HP: 25/37 MP: 6/6
  1686 | D:4      | Found a staircase to the Ecumenical Temple.
  1702 | Temple   | Entered the Ecumenical Temple
  1838 | Temple   | Became a worshipper of Makhleb the Destroyer
  1879 | D:4      | Reached skill level 5 in Maces & Flails
  2093 | D:3      | Found a glowing silver altar of Zin.
  2331 | D:3      | Reached * piety under Makhleb
  2742 | D:4      | Reached XP level 7. HP: 42/42 MP: 8/8
  2986 | D:5      | Entered Level 5 of the Dungeon
  2988 | D:5      | Found Maifibom's Food Shoppe.
  3052 | D:5      | Found Ejoxu's Assorted Antiques.
  3060 | D:5      | Bought a lumpy sapphire potion for 27 gold pieces
  3060 | D:5      | Bought a ruby potion for 27 gold pieces
  3060 | D:5      | Bought a scroll labeled GIDUIX NUECVUPN for 31 gold pieces
  3060 | D:5      | Bought a cyan potion for 27 gold pieces
  3060 | D:5      | Bought a scroll labeled BEAHYU JIARE for 31 gold pieces
  3060 | D:5      | Bought a pink potion for 27 gold pieces
  3087 | D:5      | Found a radiant altar of Vehumet.
  3150 | D:5      | Found Suor's Antique Armour Emporium.
  3151 | D:5      | Noticed Pikel
  3324 | D:5      | Found Itenetzi's Food Shop.
  3496 | D:6      | Noticed Grinder
  3504 | D:6      | Paralysed by Grinder for 2 turns
  3512 | D:6      | Killed Grinder
  3512 | D:6      | Reached XP level 8. HP: 43/48 MP: 9/9
  3551 | D:6      | Noticed Duvessa
  3551 | D:6      | Noticed Dowan
  3589 | D:6      | Killed Duvessa
  3655 | D:6      | Killed Dowan
  3807 | D:6      | Reached ** piety under Makhleb
  3859 | D:6      | Reached skill level 5 in Fighting
  3915 | D:5      | Noticed Prince Ribbit
  4147 | D:6      | Found a hide-covered altar of Uskayaw.
  4350 | D:6      | Reached XP level 9. HP: 33/54 MP: 11/11
  4419 | D:7      | Found a transporter.
  4420 | D:7      | Noticed a moth of wrath
  4421 | D:7      | Found a transporter.
  4422 | D:7      | Noticed a troll
  4424 | D:7      | Found a bloodstained altar of Trog.
  4424 | D:7      | Noticed KrasnyyBoyets's ghost (novice TrFi)
  4424 | D:7      | Identified the +6 halberd of the Dark Horse {flame, rElec
                  | MR+ Int+4 Dex-2}
  4424 | D:7      | Noticed a tengu warrior
  4427 | D:7      | Got a warped flail
  4429 | D:7      | Identified the +9 flail "Ecaakumn" {freeze, Str+2 Dex+9}
                  | (You found it on level 7 of the Dungeon)
  4442 | D:7      | Found Heqotity's Elemental Accessories.
  4480 | D:7      | Reached skill level 5 in Armour
  4531 | D:7      | Reached *** piety under Makhleb
  4764 | D:7      | Reached skill level 5 in Dodging
  4829 | D:7      | Found an ornate altar of the Wu Jian Council.
  5131 | D:8      | Found a basalt altar of Yredelemnul.
  5149 | D:8      | Reached XP level 10. HP: 65/65 MP: 13/13
  5157 | D:8      | Found a sand-covered staircase.
  5161 | D:8      | Noticed a two-headed ogre
  5167 | D:8      | Killed a two-headed ogre
  5189 | Ossuary  | Entered an ossuary
  5529 | D:8      | Noticed Erica
  5535 | D:8      | Killed Erica
  5535 | D:8      | Reached skill level 10 in Maces & Flails
  5535 | D:8      | Reached XP level 11. HP: 69/69 MP: 14/14
  5571 | D:8      | Found Macir's Antique Armour Shop.
  5582 | D:8      | Bought a jewelled troll leather armour for 560 gold pieces
  5592 | D:8      | Identified the +4 troll leather armour "Xilufepym" {rPois
                  | rF- rN+++ Regen+ Int+2} (You bought it in a shop on level 8
                  | of the Dungeon)
  6212 | D:9      | Reached **** piety under Makhleb
  6581 | D:9      | Reached skill level 5 in Evocations
  6666 | D:9      | Found a staircase to the Orcish Mines.
  6719 | D:10     | Entered Level 10 of the Dungeon
  6919 | D:10     | Noticed a two-headed ogre
  6925 | D:10     | Killed a two-headed ogre
  7088 | D:10     | Found a sparkling altar of Nemelex Xobeh.
  7176 | D:10     | Got a jewelled chain mail
  7187 | D:10     | Identified the cursed +1 chain mail of Okawaru's Scorn
                  | {Int+4 Dex-2 SInv} (You found it on level 10 of the
                  | Dungeon)
  7347 | D:10     | Found a staircase to the Lair.
  7563 | D:11     | Reached ***** piety under Makhleb
  7567 | D:11     | Reached XP level 12. HP: 76/76 MP: 16/16
  7710 | D:5      | Killed Prince Ribbit
  7753 | D:5      | Found a runed translucent gate.
  7759 | D:5      | Found a runed translucent gate.
  7765 | D:5      | Killed Pikel
  7818 | D:5      | Found a runed translucent gate.
  7819 | D:5      | Noticed MewIchigo's ghost (amateur HuFi)
  7819 | D:5      | Identified the cursed +0 mace of Lefulu {vamp, Str+2}
  7860 | D:5      | Found a runed translucent door.
  7861 | D:5      | Noticed Crazy Yiuf
  7927 | D:5      | Found a roughly hewn altar of Beogh.
  7945 | D:5      | Killed MewIchigo's ghost
  8040 | D:5      | Killed Crazy Yiuf
  8115 | D:7      | Killed KrasnyyBoyets's ghost
  8130 | D:7      | Killed a tengu warrior
  8517 | D:11     | Noticed Snorg
  8527 | D:11     | Killed Snorg
  8552 | D:11     | Reached skill level 10 in Fighting
  8708 | D:11     | Reached skill level 1 in Shields
  8719 | D:11     | Noticed a two-headed ogre
  8727 | D:11     | Killed a two-headed ogre
  8727 | D:11     | Reached skill level 10 in Armour
 10122 | D:13     | Noticed a centaur warrior
 10132 | D:13     | Killed a centaur warrior
 10186 | D:13     | Noticed Rupert
 10199 | D:13     | Killed Rupert
 10199 | D:13     | Reached XP level 13. HP: 83/83 MP: 16/18
 10330 | D:13     | Noticed Maurice
 10379 | D:13     | Killed Maurice
 10404 | D:13     | Noticed Josephine
 10413 | D:13     | Killed Josephine
 10464 | D:13     | Found a radiant altar of Vehumet.
 10881 | D:14     | Found a gate to the Vaults.
 10881 | D:14     | Noticed a vault guard
 10881 | D:14     | Noticed a vault guard
 10881 | D:14     | Noticed a vault guard
 10881 | D:14     | Noticed a vault guard
 11009 | D:14     | Found Noasum's Antique Armour Shop.
 11106 | D:14     | Found an ornate altar of the Wu Jian Council.
 11116 | D:14     | Killed a vault guard
 11140 | D:14     | Killed a vault guard
 11140 | D:14     | Reached ****** piety under Makhleb
 11147 | D:14     | Killed a vault guard
 11178 | D:14     | Killed a vault guard
 11335 | D:14     | Found a runed translucent door.
 11338 | D:14     | Noticed a sphinx
 11338 | D:14     | Noticed a yaktaur captain
 11373 | D:14     | Noticed a fire dragon
 11373 | D:14     | a fire dragon changed into a satyr
 11489 | D:14     | Gained mutation: Your large and strong wings let you fly
                  | indefinitely. [Gargoyle growth]
 11489 | D:14     | Reached XP level 14. HP: 90/90 MP: 19/19
 11763 | D:15     | Entered Level 15 of the Dungeon
 12560 | D:15     | Reached skill level 5 in Shields
 12567 | D:15     | Found a staircase to the Depths.
 13150 | D:5      | Bought a slimy plate armour for 700 gold pieces
 13160 | D:5      | Identified the cursed +1 plate armour of Instinct {rF+ rC+
                  | MR+ Dex+4} (You bought it in a shop on level 5 of the
                  | Dungeon)
 13261 | Lair:1   | Entered Level 1 of the Lair of Beasts
 13397 | Lair:1   | Noticed Borgoz's ghost (journeyman GrGl)
 13626 | Lair:1   | Found a transporter.
 13696 | Lair:1   | Noticed Urug
 13714 | Lair:1   | Killed Urug
 13806 | Lair:1   | Found a transporter.
 13936 | Lair:1   | Reached skill level 10 in Dodging
 14237 | Lair:2   | Found a staircase to the Shoals.
 15948 | Lair:4   | Found a hole to the Spider Nest.
 15978 | Lair:4   | Reached XP level 15. HP: 97/97 MP: 21/21
 16617 | Lair:5   | Found a staircase to the Slime Pits.
 16618 | Lair:5   | Found a viscous altar of Jiyva.
 17218 | Lair:6   | Entered Level 6 of the Lair of Beasts
 17258 | Lair:6   | Found a stormy altar of Qazlal.
 18225 | Lair:6   | Got a slimy ring mail
 18355 | Lair:2   | Got a shimmering scale mail
 18427 | Lair:1   | Identified the +5 ring mail of the Arcane {*Slow rN+ MR+
                  | Int+5} (You found it on level 6 of the Lair of Beasts)
 18437 | Lair:1   | Identified the +5 scale mail "Puoriged" {rF+ Regen+} (You
                  | found it on level 2 of the Lair of Beasts)
 18599 | Lair:1   | Killed Borgoz's ghost
 18603 | Lair:1   | Got a fine jade ring
 18626 | Lair:1   | Identified the ring of Erabliak {Ice rPois Int+2 Dex+4}
                  | (You found it on level 1 of the Lair of Beasts)
 18741 | D:8      | Bought a distressingly furry scale mail for 252 gold pieces
 18741 | D:8      | Bought a glowing scarf for 224 gold pieces
 18751 | D:8      | Identified the +5 scale mail of Ycsogelu {rElec rN+++
                  | Slay-4} (You bought it in a shop on level 8 of the Dungeon)
 18898 | Orc:1    | Entered Level 1 of the Orcish Mines
 19372 | Orc:2    | Entered Level 2 of the Orcish Mines
 19459 | Orc:2    | Found a staircase to the Elven Halls.
 20547 | Orc:2    | Found Arunypit's Jewellery Shop.
 20547 | Orc:2    | Found Omiziene's General Store.
 20547 | Orc:2    | Found Zareutiu's Magic Scroll Shoppe.
 20550 | Orc:2    | Found Teipsas's Book Boutique.
 20555 | Orc:2    | Bought a scroll of identify for 30 gold pieces
 20592 | Orc:2    | Bought a scroll of fear for 49 gold pieces
 20592 | Orc:2    | Bought a scroll of blinking for 105 gold pieces
 20592 | Orc:2    | Bought a scroll of blinking for 105 gold pieces
 20592 | Orc:2    | Bought a scroll of teleportation for 42 gold pieces
 20592 | Orc:2    | Bought a scroll of identify for 28 gold pieces
 20592 | Orc:2    | Bought a scroll of identify for 28 gold pieces
 20592 | Orc:2    | Bought a scroll of identify for 28 gold pieces
 20600 | Orc:2    | Bought a potion of ambrosia for 120 gold pieces
 20846 | D:14     | Killed a sphinx
 21125 | Shoals:1 | Entered Level 1 of the Shoals
 21184 | Shoals:1 | Found Sulistit's Gadget Emporium.
 21288 | Shoals:1 | Reached XP level 16. HP: 92/104 MP: 22/22
 22954 | Shoals:3 | Got a smoking ring mail
 23062 | Shoals:3 | Identified the +5 ring mail of the Jabberwock {rElec rF-
                  | rCorr Int+4} (You found it on level 3 of the Shoals)
 23119 | Shoals:3 | Found a hide-covered altar of Uskayaw.
 23416 | Shoals:3 | Noticed Ilsuiw
 23447 | Shoals:3 | Killed Ilsuiw
 24009 | Shoals:4 | Entered Level 4 of the Shoals
 24009 | Shoals:4 | Noticed Mara
 24024 | Shoals:4 | Noticed Borgoz's illusion
 24131 | Shoals:4 | Noticed Borgoz's illusion
 24213 | Shoals:4 | Noticed Borgoz's illusion
 24497 | Shoals:4 | Noticed Borgoz's illusion
 24791 | Shoals:4 | Killed Mara
 24834 | Shoals:4 | Reached XP level 17. HP: 112/112 MP: 22/24
 24936 | Shoals:4 | Reached skill level 15 in Maces & Flails
 25663 | Shoals:4 | Found a white marble altar of Elyvilon.
 26428 | Shoals:4 | Got a barnacled rune of Zot
 27033 | Spider:1 | Entered Level 1 of the Spider Nest
 27147 | Spider:1 | Reached skill level 15 in Fighting
 27245 | Spider:1 | Found a frozen archway.
 27285 | IceCv    | Entered an ice cave
 27814 | IceCv    | Got an iridescent demon whip
 28062 | Spider:1 | Reached skill level 15 in Armour
 28577 | Spider:1 | Reached XP level 18. HP: 108/119 MP: 25/25
 28629 | Spider:1 | Identified the +9 demon whip of Joideshy {flame, +Rage
                  | rPois rC+++ Str-3} (You found it in an ice cave)
 29027 | Spider:2 | Reached skill level 10 in Evocations
 29242 | Spider:2 | Identified Ihoowuy's Catalogue of Air and Battle Magic
 30371 | Spider:4 | Entered Level 4 of the Spider Nest
 30814 | Spider:4 | Got a gossamer rune of Zot
 30827 | Spider:4 | Noticed Arachne
 30900 | Spider:4 | Killed Arachne
 31330 | Spider:4 | Reached XP level 19. HP: 125/125 MP: 12/26
 31885 | Vaults:1 | Entered Level 1 of the Vaults
 32136 | Vaults:1 | Got a scorched hand crossbow
 32165 | Vaults:1 | Reached skill level 10 in Shields
 33487 | Vaults:1 | Identified the +3 shield of the Kettle-Drum {Stlth+}
 33487 | Vaults:1 | Noticed Asterion
 33502 | Vaults:1 | Killed Asterion
 33842 | Vaults:2 | Noticed Nikola
 33899 | Vaults:2 | Killed Nikola
 34214 | Vaults:2 | Found a portal to a secret trove of treasure.
 34395 | Vaults:2 | Reached XP level 20. HP: 105/133 MP: 27/27
 34587 | Vaults:2 | Found a staircase to the Crypt.
 35246 | Vaults:2 | Got a smoking dire flail
 35268 | Vaults:2 | Identified the +4 dire flail of Gallantry {elec, rPois rC+
                  | Stlth+} (You found it on level 2 of the Vaults)
 35511 | Vaults:3 | HP: 3/134 [deep elf archer/arrow[an ironheart preserver]
                  | (15)]
 35515 | Vaults:3 | Slain by a stone giant

Levels and vault maps discovered:
D:1:      dpeg_arrival_fog, layout_basic, minmay_misc_feat_room
D:2:      layout_loops_ring, nicolae_gozag_cash_rules_everything_around_me
D:3:      layout_basic, lemuel_crystal_altar
D:4:      layout_basic, minmay_temple_entry_proselytizer, first_ration,
          portal_sewer_entry_a
D:5:      layout_rooms, vehumet_altar_wand_db, serial_shops, shop, shop_statue,
          kennysheep_little_box, nicolae_shop_stone, biasface_ghost_orc_armoury,
          uniq_crazy_yiuf_cottage, uniq_prince_ribbit1, uniq_pikel
D:6:      layout_rooms, lemuel_crystal_altar, uniq_grinder, uniq_duvessa
D:7:      layout_loops_ring, marbit_many_paths,
          gammafunk_ghost_wrathful_warriors, nicolae_elemental_shop,
          grunt_ogre_cave
D:8:      layout_rooms, yredelemnul_altar_generic, serial_shops, shop_fountains,
          nicolae_ossuary_entry_monument, uniq_erica
D:9:      layout_irregular_city, david_orc_4
D:10:     layout_roguey, lair_entry_dummy, minmay_misc_feat_rugged,
          nemelex_diamond_rough_becter
D:11:     layout_layer_cave, uniq_snorg
D:12:     layout_loops_ring
D:13:     layout_loops_corners, basic_altar, minmay_unpleasant_kobolds,
          uniq_maurice, uniq_josephine, uniq_rupert
D:14:     layout_basic, lightli_vaults_fourway_checkpoint,
          corexii_leaking_fountain, basic_altar, serial_shops, shop,
          minmay_hidden_floor
D:15:     grunt_enter_depths_hoard, layout_loops_cross,
          minmay_misc_feat_encased, nooodl_orcs_dogs
Temple:   nicolae_temple_elliptical
Lair:1:   layout_long_grid, gammafunk_ghost_berserking_beasts, serial_forest,
          infiniplex_forest_clump_diagonal, infiniplex_forest_corner_1,
          infiniplex_forest_lined_room_2, infiniplex_forest_straight_5,
          infiniplex_forest_lined_3_way, infiniplex_forest_straight_3,
          infiniplex_forest_clump_small, uniq_urug
Lair:2:   layout_cave_pods, elwin_shoals_entry_stream
Lair:3:   layout_regular_city
Lair:4:   layout_cave_shapes, dummy_spider_entry
Lair:5:   lemuel_slime, layout_hall_layers, slime_altar_1, grunt_megastairs_1,
          serial_bayou_shore_b, serial_bayou_shore_b
Lair:6:   guppyfry_lair_end_dragon, layout_concentric_octagons, wormcave,
          basic_altar
Shoals:1: layout_shoals, serial_shops, shop
Shoals:2: layout_shoals, nicolae_shoals_aquamancer_cove
Shoals:3: layout_shoals, regret_index_shoals_crete, uniq_ilsuiw
Shoals:4: shoals_end_hangedman, layout_shoals, lemuel_oklob_altar, uniq_mara
Spider:1: layout_spider_delve, portal_ice_cave_entry_ice_statue_one
Spider:2: layout_spider_delve, hive_lemuel
Spider:3: layout_spider_delve, guppyfry_spider_mini_1
Spider:4: johnstein_spider_rune_arachne_lair, drop_trap, uniq_arachne
Orc:1:    layout_caves
Orc:2:    st_orc_rangers, layout_caves
Vaults:1: v_misc_17, v_misc_32, nicolae_vaults_network_periphery,
          nicolae_vaults_theta, v_misc_23, ontoclasm_vaults_hangar,
          vaults_dpeg_encased_lava, nicolae_vaults_little_squares_6,
          grunt_vaults_twisty, v_misc_24, nicolae_vaults_three_branches,
          hangedman_vaults_stretched_pinwheel, st_hourglassy,
          grunt_vaults_focal, nicolae_vaults_circle_grid_a,
          nicolae_vaults_little_squares_1, v_pattern_4, layout_vaults_omnibox,
          uniq_asterion
Vaults:2: ontoclasm_vaults_pinch, grunt_vaults_funnel, vaults_room_pools,
          minmay_crypt_entry_simple_sparse, nicolae_vaults_disjoint_gnomons,
          nicolae_vaults_ninety_degrees, dpeg_vaults_pockets_of_resistance,
          vaults_room_semicircle, vaults_room_pools,
          nicolae_vaults_angled_halls, nicolae_vaults_big_ls,
          vaults_room_grunt_arrival_ludios, vaults_room_door_ring,
          layout_vaults_ring, enter_trove_0, uniq_nikola
Vaults:3: v_misc_17, vaults_standard_mumra_x, nicolae_vaults_network_quinsquares
          [nicolae_vaults_network_quincunx_subvault,
          nicolae_vaults_network_quincunx_subvault,
          nicolae_vaults_network_quincunx_subvault,
          nicolae_vaults_network_quincunx_subvault], vaults_room_octagon,
          nicolae_vaults_stairing_the_circle, v_rooms_1,
          nicolae_vaults_asterisk, nicolae_vaults_network_s,
          layout_vaults_big_cross, serial_shops, shop, mu_enter_wizlab_1

Skill      XL: |  1  2  3  4  5  6  7  8  9 10 11 12 13 14 15 16 17 18 19 20 |
---------------+-------------------------------------------------------------+-----
Armour         | 1 2 3 4 8 9 10 11 12 13 14 15 16 17 | 17.0
Fighting       | 3 4 5 8 9 10 11 12 13 14 15 16 17 | 17.1
Maces & Flails | 4 5 6 7 9 10 11 12 13 14 15 16 17 | 17.2
Dodging        | 3 4 6 7 8 9 10 11 12 13 | 13.9
Evocations     | 1 2 3 4 5 6 7 8 9 10 | 10.0
Invocations    | 3 4 |  4.5
Shields        | 2 4 5 6 7 8 9 10 | 10.8
Throwing       | |  1.7

Action                   |  1- 3 |  4- 6 |  7- 9 | 10-12 | 13-15 | 16-18 | 19-21 || total
-------------------------+-------+-------+-------+-------+-------+-------+-------++-------
Melee: Flail             |   118 |   214 |   333 |   568 |  1452 |  1257 |   272 ||  4214
       Morningstar       |       |       |     9 |       |       |       |       ||     9
       Demon whip        |       |       |       |       |       |   715 |   685 ||  1400
Throw: Throwing net      |       |     3 |       |       |       |       |       ||     3
 Abil: Evoke Berserk Rag |       |       |     1 |     3 |     5 |     5 |     4 ||    18
       Fly               |       |       |       |       |     1 |       |       ||     1
Evoke: Wand              |       |       |       |     3 |       |       |       ||     3
  Use: Scroll            |     1 |       |     9 |     9 |    12 |     6 |     2 ||    39
       Potion            |       |     1 |     6 |     1 |     4 |     1 |     3 ||    16
 Stab: Held in net/web   |       |     1 |       |       |       |     3 |       ||     4
       Paralysed         |       |       |       |     2 |       |       |       ||     2
       Sleeping          |       |       |       |     2 |     2 |       |       ||     4
       Confused          |       |       |       |       |     1 |       |       ||     1
       Invisible         |       |       |       |       |       |       |     1 ||     1
  Eat: Chunk             |     2 |     4 |    10 |    17 |    39 |    31 |    14 ||   117
       Ration            |       |       |       |     1 |     1 |     2 |     1 ||     5
Armor: Chain mail        |   109 |    80 |       |       |       |       |       ||   189
       Leather armour    |     1 |       |       |       |       |       |       ||     1
       Troll leather arm |       |    77 |   151 |   186 |   235 |       |       ||   649
       Plate armour      |       |       |       |       |   282 |  1322 |   399 ||  2003
Dodge: Dodged            |    66 |   170 |   302 |   489 |   923 |  1518 |   546 ||  4014
       Deflected         |       |       |       |       |    22 |    74 |    24 ||   120
Block: Buckler           |       |       |       |    67 |   605 |   915 |   295 ||  1882

Table legend:
 A = Non-vault XP
 B = Vault XP
 C = Vault XP percentage of total XP
 D = Non-vault monster count
 E = Vault monster count
 F = Vault count percentage of total count
                 A         B        C        D         E       F
            +---------+---------+-------+---------+---------+-------
      Total |  216665 |  201503 |  48.2 |     852 |     430 |  33.5
            +---------+---------+-------+---------+---------+-------
        D:1 |      19 |       0 |   0.0 |      10 |       0 |   0.0
        D:2 |      38 |       0 |   0.0 |      13 |       0 |   0.0
        D:3 |      54 |       0 |   0.0 |      30 |       0 |   0.0
        D:4 |     321 |      61 |  16.0 |      13 |       6 |  31.6
        D:5 |     329 |    1352 |  80.4 |       6 |      13 |  68.4
        D:6 |     994 |     517 |  34.2 |      42 |       3 |   6.7
        D:7 |    1232 |    2992 |  70.8 |      20 |       9 |  31.0
        D:8 |    1571 |     876 |  35.8 |       8 |       1 |  11.1
        D:9 |    1202 |     726 |  37.7 |      24 |      18 |  42.9
       D:10 |    5297 |       0 |   0.0 |      26 |       0 |   0.0
       D:11 |    4006 |    1112 |  21.7 |      21 |       1 |   4.5
       D:12 |    2525 |       0 |   0.0 |      27 |       0 |   0.0
       D:13 |    6961 |    5383 |  43.6 |      32 |      12 |  27.3
       D:14 |    7381 |   14843 |  66.8 |      29 |      21 |  42.0
       D:15 |   10447 |    6015 |  36.5 |      41 |      14 |  25.5
     Lair:1 |    2655 |    3572 |  57.4 |      12 |       6 |  33.3
     Lair:2 |    1824 |    1463 |  44.5 |       9 |       4 |  30.8
     Lair:3 |    4592 |       0 |   0.0 |      20 |       0 |   0.0
     Lair:4 |    3845 |       0 |   0.0 |      15 |       0 |   0.0
     Lair:5 |    5948 |    1108 |  15.7 |      23 |      22 |  48.9
     Lair:6 |    6322 |    4099 |  39.3 |      22 |      15 |  40.5
   Shoals:1 |   12979 |       0 |   0.0 |      25 |       0 |   0.0
   Shoals:2 |   11729 |    4400 |  27.3 |      22 |       5 |  18.5
   Shoals:3 |    4799 |   10978 |  69.6 |      10 |      19 |  65.5
   Shoals:4 |   16406 |   31038 |  65.4 |      33 |      37 |  52.9
   Spider:1 |   23373 |     433 |   1.8 |      78 |       1 |   1.3
   Spider:2 |   13827 |       0 |   0.0 |      35 |       0 |   0.0
   Spider:3 |   17100 |    1626 |   8.7 |      46 |       7 |  13.2
   Spider:4 |    8016 |   33718 |  80.8 |      24 |      43 |  64.2
      Orc:1 |    2384 |     880 |  27.0 |      34 |       3 |   8.1
      Orc:2 |    1976 |    5288 |  72.8 |      28 |      38 |  57.6
   Vaults:1 |   24252 |   21090 |  46.5 |      49 |      34 |  41.0
   Vaults:2 |    5779 |   39801 |  87.3 |      11 |      50 |  82.0
   Vaults:3 |    6482 |    1237 |  16.0 |      14 |       4 |  22.2
      Sewer |       0 |     141 | 100.0 |       0 |       6 | 100.0
    Ossuary |       0 |     153 | 100.0 |       0 |      16 | 100.0
      IceCv |       0 |    6601 | 100.0 |       0 |      22 | 100.0
            +---------+---------+-------+---------+---------+-------
